Map: Moonlight Madness LE (Void)

Players

Lefkowitz

  • Race: Zerg Zerg
  • League: Silver

wabbajack - Winner!

  • Race: Zerg Zerg
  • League: Silver

VOD

Have the link to the VOD?

Description

Guy builds hater

Time

  • Played on: Oct. 14, 2015, 7:44 p.m.
  • Length: 28:09
Show
View Real Time Build Order
Export as new Build Order

Lefkowitz Zerg 

Build Orders: Hatch First 

Get SALT Encoding   

  12  0:45  Hatchery  
  11  1:46  Hatchery  
  10  2:17  Hatchery  
  9  3:03  Drone  
  10  3:09  Hatchery  
  10  3:11  Spawning Pool  
  8  3:53  Drone x3  
  11  3:59  Spine Crawler  
  10  4:09  Spine Crawler  
  9  4:13  Drone  
  9  4:16  Drone  
  4  5:26  Drone  
  5  5:56  Drone  
  5  6:54  Hatchery  
  5  9:05  Drone  
  5  9:41  Extractor  
  4  9:49  Drone  
Show
View Real Time Build Order
Export as new Build Order

wabbajack Zerg - Winner!

Build Orders: Hatch First 

Get SALT Encoding   

  12  0:00  Drone  
  13  0:12  Overlord  
  13  0:17  Drone  
  14  0:33  Drone x2  
  17  0:35  Drone  
  17  0:59  Hatchery  
  17  1:02  Drone x2  
  18  1:09  Drone, Extractor  
  18  1:21  Spawning Pool  
  18  1:23  Drone  
  18  1:35  Drone  
  19  1:46  Overlord  
  19  1:50  Drone  
  20  2:07  Drone  
  21  2:08  Queen  
  21  2:10  Queen  
  21  2:12  Drone  
  21  2:13  Drone  
  27  2:24  Roach Warren  
  27  2:25  Drone x2  
  28  2:36  Drone  
  28  2:37  Drone  
  30  2:44  Overlord  
  30  2:47  Overlord  
  30  2:57  Spine Crawler  
  29  3:00  Overlord  
  29  3:02  Metabolic Boost  
  29  3:07  Roach x2  
  29  3:10  Roach  
  35  3:22  Roach x2  
  35  3:25  Roach x2  
  35  3:27  Roach  
  45  3:31  Overlord  
  45  3:58  Roach x3  
  45  4:00  Roach  
  53  4:06  Overlord  
  53  4:10  Zergling x2  
  53  4:11  Zergling x6  
  53  4:12  Zergling x2  
  53  4:14  Overlord  
  58  4:25  Zergling x2  
  58  4:26  Zergling x12  
  65  4:34  Drone x2  
  67  4:40  Queen  
  68  6:04  Hatchery  
  67  6:30  Lair  
  67  6:35  Overlord x3  
  67  6:36  Drone  
  67  6:37  Drone x12  
  80  6:58  Extractor  
  79  7:07  Hatchery  
  78  7:11  Hatchery  
  77  7:16  Hatchery x2  
  75  7:30  Hatchery  
  73  8:35  Drone  
  73  8:36  Drone x2  
  73  8:37  Drone x3  
  73  8:40  Drone x3  
  73  8:41  Drone x3  
  84  8:42  Drone x2  
  84  8:43  Drone x4  
  91  9:08  Spire x2  
  89  9:11  Drone x3, Extractor  
  89  9:12  Drone, Extractor  
  91  9:28  Queen  
  93  9:32  Drone  
  93  9:33  Drone x2, Extractor x2  
  93  9:36  Drone x3  
  93  9:37  Drone  
  93  9:38  Drone x2  
  100  9:39  Extractor  
  100  9:40  Extractor  
  100  9:44  Drone  
  100  9:45  Drone x2  
  101  10:18  Queen  
  103  10:23  Zerg Flyer Weapons Level 1  
  103  10:24  Zerg Flyer Armor Level 1  
  103  10:41  Drone x3  
  106  10:43  Drone x2  
  106  10:44  Drone  
  106  10:46  Drone x3  
  112  10:51  Extractor  
  112  10:52  Extractor  
  112  10:53  Drone x3  
  112  10:54  Drone  
  112  10:55  Drone x2  
  116  11:00  Queen  
  118  11:21  Queen  
  120  11:43  Drone x2  
  120  11:44  Drone  
  120  11:45  Extractor  
  120  11:46  Extractor  
  121  11:47  Extractor  
  121  11:48  Extractor  
  119  12:06  Drone x4  
  123  12:28  Drone  
  123  12:29  Drone x5  
  129  12:33  Extractor x2  
  127  12:37  Overlord  
  127  12:38  Overlord x5  
  127  12:40  Queen  
  129  12:48  Drone x2  
  129  12:50  Drone  
  129  12:51  Drone x3  
  134  12:52  Drone x2  
  134  12:53  Overlord x3  
  134  12:54  Overlord x7  
  134  12:55  Overlord x2  
  137  13:00  Overlord  
  137  13:01  Zerg Flyer Weapons Level 2  
  137  13:02  Zerg Flyer Armor Level 2  
  137  13:05  Mutalisk  
  137  13:06  Mutalisk x19  
  137  13:08  Infestation Pit  
  176  13:36  Mutalisk  
  176  13:37  Mutalisk x11  
  200  13:56  Hive  
  191  14:46  Hatchery x2  
  191  14:48  Hatchery  
  187  14:58  Mutalisk  
  187  14:59  Mutalisk x5  
Tags
 
Add a new tag
Caveats
  • Supply blocks, unpowered buildings, or Contaminate may cause inaccurate times.
  • Supply counts are checked every 10 seconds.